 Dungeon Crawl Stone Soup version 0.21-a0-504-g2eda330 (webtiles) character file.

1066 4thArraOfDagon the Firebug (level 8, -1/61 HPs)
             Began as a Deep Elf Fire Elementalist on Nov 26, 2017.
             Was an Elder of Okawaru.
             Slain by a quokka (2 damage)
             ... on level 6 of the Dungeon.
             The game lasted 00:09:21 (1536 turns).

4thArraOfDagon the Firebug (DEFE)                   Turns: 1536, Time: 00:09:22

Health: -1/61      AC: 24    Str:  3 (5)  XL:     8   Next: 7%
Magic:  22/34      EV:  2    Int: 20 (23) God:    Okawaru [****..]
Gold:   104        SH:  0    Dex: 13 (15) Spells: 6/19 levels left

rFire    . . .     SeeInvis .   m - staff of power {!a}
rCold    . . .     Gourm    .   (no shield)
rNeg     + + +     Faith    +   (armour currently unavailable)
rPois    +         Spirit   .   (helmet currently unavailable)
rElec    .         Reflect  .   (cloak currently unavailable)
rCorr    .         Harm     .   (gloves currently unavailable)
MR       .....     NoTele   +   (boots currently unavailable)
Stlth    ++........             h - amulet of faith
HPRegen  0.20/turn              (no ring)
MPRegen  0.24/turn              (no ring)

@: lethally poisoned (-1 -> -3), tree-form
A: no striking features
a: Heroism, Renounce Religion


You were on level 6 of the Dungeon.
You worshipped Okawaru.
Okawaru was greatly pleased with you.
You were not hungry.
You were a tree.
You visited 1 branch of the dungeon, and saw 6 of its levels.
You also visited: Sewer.

You collected 104 gold pieces.

Inventory:

Hand Weapons
 g - a +1 rapier
Missiles
 x - a throwing net (quivered)
Armour
 a - a +0 robe (melded)
Magical Staves
 m - an uncursed staff of power (weapon) {!a}
Jewellery
 h - an amulet of faith (around neck)
Wands
 w - a wand of acid (11)
Scrolls
 e - a scroll of identify {unknown}
 f - 2 scrolls of remove curse
 o - a scroll of teleportation {unknown}
 q - a scroll of fear {unknown}
Potions
 l - a potion of agility {unknown}
 p - a potion of mutation {unknown}
 r - a potion of magic
 s - a potion of berserk rage {unknown}
 v - a potion of curing {unknown}
Books
 b - a book of Flames

   Spells                             Type                      Level
   a - Flame Tongue                   Conjuration/Fire             1
   b - Throw Flame                    Conjuration/Fire             2
   c - Conjure Flame                  Conjuration/Fire             3
   d - Inner Flame                    Hexes/Fire                   3
   e - Sticky Flame                   Conjuration/Fire             4
   f - Fireball                       Conjuration/Fire             5
Comestibles
 c - 2 bread rations
 j - 2 meat rations
 t - a royal jelly


   Skills:
 - Level 2.4 Dodging
 - Level 2.4 Stealth
 + Level 6.1 Spellcasting
 * Level 6.5 Conjurations
 * Level 7.3 Fire Magic


You had 6 spell levels left.
You knew the following spells:

 Your Spells              Type           Power        Failure   Level  Hunger
a - Flame Tongue          Conj/Fire      ####.        1%          1    None
b - Conjure Flame         Conj/Fire      ####....     1%          3    ##.....
c - Sticky Flame          Conj/Fire      ####....     6%          4    ####...
d - Fireball              Conj/Fire      ####......   16%         5    #####..


Dungeon Overview and Level Annotations

Branches:
Dungeon (6/15)             Temple (0/1) D:4

Altars:
Ashenzari
Elyvilon
Nemelex Xobeh
Okawaru
Uskayaw
Xom

Annotations:
D:6 Dowan, Duvessa


Message History

The adder poisons you! The orc barely misses you.
Unknown command.
Okay, then.
It was a potion of lignification.
You turn into a tree.
Your +0 robe melds into your body.
Your roots penetrate the ground.
* * * LOW HITPOINT WARNING * * *
You feel sick.
The centaur struggles against the net.
The leopard gecko bites you but does no damage.
The jackal zombie bites you but does no damage.
The adder bites you but does no damage.
The centaur struggles against the net.
The net rips apart, and the centaur comes free!
The orc hits you but does no damage.
The leopard gecko bites you but does no damage.
Unknown command.
It was a potion of degeneration.
There was something very wrong with that liquid.
You feel weakened.
You feel dopey.
You feel clumsy.
The jackal zombie bites you but does no damage.
The adder bites you but does no damage. The quokka bites you.
You die...

..##..#§###r.#.......
........S....#.......
#..#.....###.........
.........# ##........
...#.....####........
.......##............
..###..##...Zee......
........oWl##+##.
.?.......S♣..#
.......r...#
...........#
...........#
...........#
...........#
.......c...#
...........


You could see a phantom, Duvessa, Dowan, a centaur, an adder, an orc, a jackal
zombie, a leopard gecko and a quokka.

Vanquished Creatures
  Eustachio (D:6)
  2 centaurs (D:5)
  A sky beast (D:5)
  3 ogres
  A crocodile (Sewer)
  4 hounds
  A jelly (D:6)
  An iguana (D:5)
  4 gnolls (D:5)
  8 adders
  A river rat (D:4)
  An adder skeleton (D:5)
  3 worms
  3 dart slugs
  9 orcs
  7 giant cockroaches
  4 goblins
  2 hobgoblins (D:2)
  2 jackals (Sewer)
  5 kobolds
  2 quokkas (D:4)
  A ball python (D:4)
  4 bats (D:3)
  2 frilled lizards (D:4)
  A jackal zombie (D:6)
  2 rats
75 creatures vanquished.

Notes
Turn   | Place    | Note
-------+----------+-------------------------------------------
     0 | D:1      | 4thArraOfDagon the Deep Elf Fire Elementalist began the quest for the Orb.
     0 | D:1      | Reached XP level 1. HP: 10/10 MP: 6/6
   111 | D:2      | Reached XP level 2. HP: 15/15 MP: 2/8
   148 | D:2      | Found a faded altar of an unknown god.
   177 | D:2      | Became a worshipper of Warmaster Okawaru
   177 | D:2      | Reached * piety under Okawaru
   178 | D:2      | :(
   195 | D:2      | Reached XP level 3. HP: 19/19 MP: 5/9
   304 | D:2      | Learned a level 3 spell: Conjure Flame
   425 | D:3      | Reached skill level 4 in Fire Magic
   457 | D:4      | Reached XP level 4. HP: 15/24 MP: 1/11
   466 | D:4      | Learned a level 4 spell: Sticky Flame
   467 | D:4      | Noticed an ogre
   521 | D:4      | Killed an ogre
   521 | D:4      | Reached ** piety under Okawaru
   521 | D:4      | Reached XP level 5. HP: 8/28 MP: 1/13
   572 | D:4      | Found a glowing drain.
   576 | Sewer    | Entered a sewer
   628 | Sewer    | Noticed a crocodile
   638 | Sewer    | Killed a crocodile
   638 | Sewer    | Reached skill level 5 in Fire Magic
   759 | D:4      | Reached XP level 6. HP: 28/32 MP: 14/14
   814 | D:3      | Reached *** piety under Okawaru
   864 | D:3      | You fall through a shaft!
   880 | D:4      | Found a white marble altar of Elyvilon.
   945 | D:5      | Entered Level 5 of the Dungeon
   985 | D:5      | Reached skill level 5 in Spellcasting
  1053 | D:5      | Noticed a sky beast
  1063 | D:5      | Killed a sky beast
  1063 | D:5      | Reached skill level 5 in Conjurations
  1063 | D:5      | Reached skill level 6 in Fire Magic
  1063 | D:5      | Reached XP level 7. HP: 20/36 MP: 16/16
  1234 | D:5      | Learned a level 5 spell: Fireball
  1266 | D:4      | Found a sparkling altar of Nemelex Xobeh.
  1268 | D:4      | Found a shimmering altar of Xom.
  1270 | D:4      | Found a shattered altar of Ashenzari.
  1320 | D:4      | Found a staircase to the Ecumenical Temple.
  1477 | D:6      | Noticed Dowan
  1481 | D:6      | Noticed Duvessa
  1481 | D:6      | Found a hide-covered altar of Uskayaw.
  1496 | D:6      | Noticed Eustachio
  1504 | D:6      | Reached **** piety under Okawaru
  1509 | D:6      | Killed Eustachio
  1509 | D:6      | Reached skill level 7 in Fire Magic
  1511 | D:6      | Reached XP level 8. HP: 30/41 MP: 6/19
  1533 | D:6      | HP: 2/41 [orc/club (6)]
  1536 | D:6      | Slain by a quokka

Vault maps used:
D:1:      dpeg_arrival_caged_fury
D:2:      chequers_ecumenical_altar_island, minmay_misc_feat_pillars,
          kennysheep_generic_room_14
D:3:      first_bread, trog_book
D:4:      elyvilon_altar_4, kennysheep_little_box, minitemple,
          grunt_temple_overflow_open, minmay_temple_entry_from_below_a,
          gup_sewer_entry_bowl
D:6:      lemuel_doored_altar, basic_altar, lightli_minifort, uniq_eustachio,
          uniq_duvessa
Sewer:    sewer_the_crocodile

Skill      XL: |  1  2  3  4  5  6  7 |
---------------+----------------------+-----
Conjurations   | 2 3 4 5 6 |  6.5
Fire Magic     | 4 5 6 7 |  7.3
Spellcasting   | 4 5 6 |  6.1
Dodging        | |  2.4
Stealth        | |  2.4

Action                   |  1- 3 |  4- 6 |  7- 9 || total
-------------------------+-------+-------+-------++-------
Melee: Rapier            |     4 |     2 |       ||     6
       Staff             |       |    10 |     5 ||    15
Throw: Throwing net      |       |       |     1 ||     1
 Cast: Flame Tongue      |    27 |    60 |    26 ||   113
       Conjure Flame     |       |     2 |     2 ||     4
       Sticky Flame      |       |     5 |     7 ||    12
       Fireball          |       |       |     5 ||     5
Invok: Heroism           |     1 |       |       ||     1
Evoke: Wand              |       |       |     1 ||     1
  Use: Scroll            |       |     1 |     2 ||     3
       Potion            |       |       |     6 ||     6
 Stab: Sleeping          |     2 |       |       ||     2
  Eat: Fruit             |       |     6 |       ||     6
Armor: Robe              |     1 |     3 |    13 ||    17
       Skin              |       |       |     7 ||     7
Dodge: Dodged            |    15 |    23 |    44 ||    82

Table legend:
 A = Spawn XP
 B = Non-spawn XP
 C = Spawn XP percentage of total XP
 D = Spawn monster count
 E = Non-spawn monster count
 F = Spawn count percentage of total count
 G = Total turns spent on level
                    A         B        C        D         E        F      G
               +---------+---------+-------+---------+---------+-------+---------
         Total |       0 |    1524 |   0.0 |       0 |      75 |   0.0 |  1536
               +---------+---------+-------+---------+---------+-------+---------
           D:2 |       0 |      48 |   0.0 |       0 |      10 |   0.0 |   361
           D:3 |       0 |      49 |   0.0 |       0 |      14 |   0.0 |   145
           D:4 |       0 |     301 |   0.0 |       0 |      20 |   0.0 |   357
           D:5 |       0 |     613 |   0.0 |       0 |      17 |   0.0 |   433
           D:6 |       0 |     407 |   0.0 |       0 |       8 |   0.0 |    91
         Sewer |       0 |     106 |   0.0 |       0 |       6 |   0.0 |   116
               +---------+---------+-------+---------+---------+-------+---------
